 Dungeon Crawl Stone Soup version 0.24-a0-70-gf44d0c5 (webtiles) character file.

Game seed: 12753881659823237686

2228 galech the Chopper (level 9, -2/69 HPs)
             Began as a Demonspawn Fighter on Feb 6, 2019.
             Was a Priest of Okawaru.
             Slain by Erica
             ... wielding a +3 scimitar of flaming
              (3 damage)
             ... on level 9 of the Dungeon.
             The game lasted 00:09:28 (7183 turns).

galech the Chopper (Demonspawn Fighter)             Turns: 7183, Time: 00:09:29

Health: -2/69      AC:  8    Str: 16    XL:     9   Next: 14%
Magic:  0/9        EV: 10    Int:  9    God:    Okawaru [***...]
Gold:   255        SH:  0    Dex: 17    Spells: 8/8 levels left

rFire    . . .     SeeInvis +   B - +1 hand axe (freeze)
rCold    + . .     Gourm    .   c - +0 shield
rNeg     . . .     Faith    .   t - +1 ring mail {rPois}
rPois    +         Spirit   +   (helmet unavailable)
rElec    .         Reflect  .   l - +0 cloak
rCorr    .         Harm     .   (no gloves)
MR       .....                  (no boots)
Stlth    ..........             u - amulet of regeneration
HPRegen  0.61/turn              k - ring of protection from cold
MPRegen  0.22/turn              (no ring)

@: confused, hasted, very quick
A: antennae 3, magic shield, magic regeneration
a: Heroism, Renounce Religion


You were on level 9 of the Dungeon.
You worshipped Okawaru.
Okawaru was most pleased with you.
You were not hungry.

You visited 2 branches of the dungeon, and saw 9 of its levels.

You collected 447 gold pieces.
You spent 192 gold pieces at shops.

Inventory:

Hand Weapons
 a - a +0 war axe
 B - a +1 hand axe of freezing (weapon)
Armour
 b - a +0 scale mail
 c - a +0 shield (worn)
 i - a +0 chain mail
 l - a +0 cloak (worn)
 t - a +1 ring mail of poison resistance (worn)
 A - a +0 robe of resistance
Jewellery
 k - a ring of protection from cold (left hand)
 u - an amulet of regeneration (around neck)
Scrolls
 e - 4 scrolls of enchant weapon {unknown}
 h - 12 scrolls of identify {unknown}
 j - 6 scrolls of teleportation {unknown}
 m - 4 scrolls of remove curse
 o - a scroll of random uselessness {unknown}
 r - a scroll of torment {unknown}
 w - a scroll of blinking {unknown}
 y - a scroll of noise {unknown}
Potions
 d - a potion of might
 g - 3 potions of curing
 n - a potion of degeneration {unknown}
 p - a potion of lignification {unknown}
 s - 2 potions of brilliance {unknown}
 v - 3 potions of mutation {unknown}
 x - a potion of agility {unknown}
Comestibles
 f - 12 rations


   Skills:
 + Level 5.8 Fighting
 + Level 7.5 Axes
 + Level 5.0 Armour
 + Level 2.8 Dodging
 + Level 0.5 Stealth
 + Level 5.2 Shields


You had 8 spell levels left.
You didn't know any spells.
Your spell library was empty.

Dungeon Overview and Level Annotations

Branches:
Dungeon (7/15)             Temple (1/1) D:4

Altars:
Elyvilon
Fedhas
Gozag
Kikubaaqudgha
Okawaru
Qazlal
Sif Muna
Uskayaw
Xom
Yredelemnul

Shops:
D:9 (

Annotations:
D:9 Erica


Innate Abilities, Weirdness & Mutations

You have a pair of large antennae on your head. (SInv)
When hurt, damage is shared between your health and your magic reserves.
You regenerate magic rapidly.


Message History

You block Erica's attack.
You barely miss Erica.
Erica is heavily wounded.
You don't have enough magic at the moment.
You closely miss Erica.
Erica is heavily wounded.
Erica hits you with a +3 scimitar of flaming!
* * * LOW HITPOINT WARNING * * *
Erica burns you.
* * * LOW HITPOINT WARNING * * *
You hit Erica. You freeze Erica.
Erica is severely wounded.
Erica casts a spell at you.
You are confused.
You closely miss Erica.
Erica is severely wounded.
Erica hits you with a +3 scimitar of flaming!
* * * LOW HITPOINT WARNING * * *
Erica burns you.
You die...

.... # ....# # ....#
## ..#...# .#
...#...## # (#
....#...## .. .#
.......@.# ... ##
.....#.@.###.... #
### ......#.........
##>##
.......#..####..
###...####........##
.................##
#.......##.......##
........####......##
.........# #.......#
.........###.......#


You could see Erica.

Vanquished Creatures
  A sky beast (D:7)
  2 ogres
  4 centaurs
  5 bullfrogs
  A wyvern skeleton (D:6)
  A scorpion (D:7)
  3 howler monkeys (D:7)
  2 crimson imps
  6 hounds
  2 jellies
  5 orc priests
  2 centaur skeletons (D:4)
  2 centaur zombies
  9 orc wizards
  2 worker ants
  Robin (D:3)
  2 howler monkey skeletons
  9 adders
  A shadow imp (D:6)
  An ooze (D:1)
  2 adder skeletons
  3 worms (D:2)
  2 dart slugs (D:4)
  7 leopard geckos
  22 orcs
  12 bats
  4 giant cockroaches
  11 goblins
  5 hobgoblins
  2 jackals
  2 quokkas
  4 ball pythons
  7 frilled lizards
  A giant cockroach zombie (D:5)
  9 kobolds
  A quokka skeleton (D:4)
  5 rats
160 creatures vanquished.

Vanquished Creatures (others)
  3 plants (D:2)
3 creatures vanquished.

Grand Total: 163 creatures vanquished

Notes
Turn   | Place    | Note
-------+----------+-------------------------------------------
     0 | D:1      | galech the Demonspawn Fighter began the quest for the Orb.
     0 | D:1      | Reached XP level 1. HP: 18/18 MP: 1/1
   166 | D:1      | Gained mutation: You have a pair of small antennae on your
                  | head. [demonic ancestry]
   166 | D:1      | Reached XP level 2. HP: 17/24 MP: 2/2
   397 | D:1      | Reached skill level 2 in Axes
   603 | D:2      | Gained mutation: When hurt, damage is shared between your
                  | health and your magic reserves. [demonic ancestry]
   603 | D:2      | Reached XP level 3. HP: 18/29 MP: 3/3
  1195 | D:2      | Found a faded altar of an unknown god.
  1775 | D:2      | Gained mutation: You regenerate magic rapidly. [demonic
                  | ancestry]
  1775 | D:2      | Reached XP level 4. HP: 36/36 MP: 4/4
  2338 | D:2      | Found a stormy altar of Qazlal.
  2604 | D:2      | Reached skill level 3 in Axes
  2902 | D:3      | Found a shimmering altar of Xom.
  2928 | D:3      | Noticed Robin
  2933 | D:3      | Killed Robin
  2941 | D:3      | Reached XP level 5. HP: 39/42 MP: 5/5
  3353 | D:4      | Found a staircase to the Ecumenical Temple.
  3410 | Temple   | Entered the Ecumenical Temple
  3420 | Temple   | Became a worshipper of Warmaster Okawaru
  3713 | D:4      | Reached skill level 1 in Dodging
  3721 | D:4      | Found a hide-covered altar of Uskayaw.
  3769 | D:4      | Reached XP level 6. HP: 13/48 MP: 3/6
  4133 | D:4      | Reached skill level 4 in Axes
  4272 | D:5      | Entered Level 5 of the Dungeon
  4404 | D:5      | Reached * piety under Okawaru
  4404 | D:5      | Gained mutation: You have a pair of antennae on your head.
                  | [demonic ancestry]
  4404 | D:5      | Reached XP level 7. HP: 15/55 MP: 3/7
  5007 | D:6      | Reached skill level 5 in Axes
  5376 | D:5      | Reached ** piety under Okawaru
  5376 | D:5      | Gained mutation: You have a pair of large antennae on your
                  | head. (SInv) [demonic ancestry]
  5376 | D:5      | Reached XP level 8. HP: 10/61 MP: 4/8
  5762 | D:6      | Reached skill level 5 in Fighting
  5762 | D:6      | Reached skill level 6 in Axes
  5832 | D:6      | Found a stormy altar of Qazlal.
  6422 | D:7      | Found an opulent altar of Gozag.
  6447 | D:7      | Reached skill level 7 in Axes
  6553 | D:7      | Reached skill level 5 in Shields
  6679 | D:7      | Reached *** piety under Okawaru
  6798 | D:7      | Reached XP level 9. HP: 22/69 MP: 3/9
  6914 | D:7      | Reached skill level 5 in Armour
  7114 | D:7      | You fall through a shaft for 2 floors!
  7114 | D:9      | Found Liroriax's Antique Weapon Emporium.
  7120 | D:9      | Bought a runed hand axe for 192 gold pieces
  7162 | D:9      | Noticed Erica
  7183 | D:9      | HP: 1/69 [Erica/+3 scimitar of flaming (6)]
  7183 | D:9      | Slain by Erica

Vault maps used:
D:1:      onia_arrival_pyramid, layout_basic, minmay_tromino_i2
D:2:      layout_basic, overflow_temple_1_default,
          chequers_ecumenical_altar_simple, corexii_shack, minivault_26,
          roderic_roman_lattice, lexackson_kobold_supper
D:3:      minmay_octagon_keep, layout_loops_ring, xom_teletrap_fun,
          first_ration, uniq_robin
D:4:      layout_basic, eat_drink_and_be_merry_uskayaw,
          minmay_temple_entry_ruins
D:5:      layout_cave_pools
D:6:      layout_basic, basic_altar
D:7:      minmay_angry_zag, layout_basic,
          nicolae_gozag_cash_rules_everything_around_me, grunt_livestock
D:9:      layout_cave_pods, trog_eyes_of_draining, serial_shops,
          nicolae_shop_waterfront, st_stairs_9, uniq_pikel, uniq_grum,
          uniq_erica
Temple:   eino_temple_rhombus

Skill      XL: |  1  2  3  4  5  6  7  8  9 |
---------------+----------------------------+-----
Armour         | 3 4 5 |  5.0
Axes           | 2 3 4 5 7 |  7.5
Shields        | 3 4 5 |  5.2
Dodging        | 1 2 |  2.8
Fighting       | 4 5 |  5.8
Stealth        | |  0.5

Action                   |  1- 3 |  4- 6 |  7- 9 || total
-------------------------+-------+-------+-------++-------
Melee: War axe           |   121 |   233 |   295 ||   649
       Hand axe          |       |       |    15 ||    15
Invok: Heroism           |       |       |     1 ||     1
  Use: Scroll            |     1 |       |       ||     1
       Potion            |     2 |     1 |     2 ||     5
  Eat: Chunk             |     2 |    10 |     9 ||    21
Armor: Scale mail        |    53 |       |       ||    53
       Chain mail        |    37 |    48 |       ||    85
       Ring mail         |       |    75 |   122 ||   197
Dodge: Dodged            |    40 |    61 |   113 ||   214
Block: Shield            |    73 |   135 |   176 ||   384

Table legend:
 A = Non-vault XP
 B = Vault XP
 C = Vault XP percentage of total XP
 D = Non-vault monster count
 E = Vault monster count
 F = Vault count percentage of total count
                 A         B        C        D         E       F
            +---------+---------+-------+---------+---------+-------
      Total |    2935 |     249 |   7.8 |     130 |      30 |  18.8
            +---------+---------+-------+---------+---------+-------
        D:1 |      30 |       3 |   9.1 |      16 |       2 |  11.1
        D:2 |     110 |      15 |  12.0 |      25 |       8 |  24.2
        D:3 |      14 |      38 |  73.1 |       6 |      16 |  72.7
        D:4 |     298 |       0 |   0.0 |      15 |       0 |   0.0
        D:5 |     427 |       0 |   0.0 |      14 |       0 |   0.0
        D:6 |     658 |       0 |   0.0 |      20 |       0 |   0.0
        D:7 |    1398 |     193 |  12.1 |      34 |       4 |  10.5
            +---------+---------+-------+---------+---------+-------
